 Dungeon Crawl Stone Soup version 0.27-a0-899-ge2d0b17c59 (webtiles) character file.

Game seed: 8512001381311887680

49 jestyr24 the Magician (level 3, -4/25 HPs)
             Began as a Djinni Air Elementalist on Apr 6, 2021.
             Was a Follower of Okawaru.
             Killed from afar by an orc wizard (9 damage)
             ... with a magic dart
             ... on level 2 of the Dungeon.
             The game lasted 00:04:08 (1592 turns).

jestyr24 the Magician (Djinni Air Elementalist)     Turns: 1592, Time: 00:04:08

Health: -4/25      AC:  2    Str:  7    XL:     3   Next: 75%
Gold:   52         EV: 12    Int: 17    God:    Okawaru [*.....] SH:  0 Dex: 13

rFire    + . .     SeeInvis .   (no weapon)
rCold    . . .     Faith    .   (no shield)
rNeg     . . .     Spirit   .   a - +0 robe
rPois    ∞         Reflect  .   (no helmet)
rElec    .         Harm     .   (no cloak)
rCorr    .         Rampage  .   (no gloves)
Will     .....                  (boots unavailable)
Stlth    ++........             (no amulet)
HPRegen  0.08/turn              f - ring of ice
MPRegen  0.00/turn              (no ring)

@: flying, very slightly contaminated
A: fire resistance 2, cold vulnerability 1, float, innate caster, hp casting,
extra vitality 1
a: Renounce Religion, Heroism


You were on level 2 of the Dungeon.
You worshipped Okawaru.
Okawaru was aware of your devotion.
You visited 1 branch of the dungeon, and saw 2 of its levels.

You collected 52 gold pieces.

Inventory:

Hand Weapons
 b - a +0 dagger
Armour
 a - a +0 robe (worn)
Jewellery
 f - a ring of ice (left hand)
Scrolls
 e - a scroll of silence {unknown}
 g - a scroll of identify {unknown}
 h - a scroll of fear {unknown}
 i - a scroll of noise {unknown}
Potions
 c - a potion of haste {unknown}
 d - a potion of heal wounds {unknown}
 j - a potion of degeneration {unknown}


   Skills:
 - Level 2.2 Dodging
 - Level 1.6 Stealth
 + Level 3.9 Spellcasting


You couldn't memorise any spells.
You knew the following spells:

 Your Spells              Type           Power      Damage    Failure   Level
a - Shock                 Conj/Air       64%        1d7       3%          1
b - Swiftness             Air            16%        N/A       4%          2
c - Static Discharge      Conj/Air       16%        N/A       10%         3
d - Airstrike             Air            8%         N/A       30%         4
e - Lightning Bolt        Conj/Air       8%         1d20      65%         5
f - Freeze                Ice            100%       1d11      3%          1
Your spell library was empty.

Dungeon Overview and Level Annotations

Branches:
Dungeon (2/15)

Altars:
Okawaru


Innate Abilities, Weirdness & Mutations

You are immune to poison.
Your flesh is very heat resistant. (rF++)
You are vulnerable to cold. (rC-)
You float through the air rather than walking.
You learn spells naturally, not from books.
Your magical power is your life essence.
You have superior vitality. (+4 HP)


Message History

The zap hits the adder!
The adder is severely wounded.
The zap misses the adder.
The zap hits the adder.
The adder is severely wounded.
The adder closely misses you.
The zap hits the adder.
You kill the adder!
Okawaru accepts your kill.
Found 10 bolts. 2 orc wizards come into view.
The hobgoblin shouts!
The orc wizard shouts!
The orc wizard gestures at you while chanting.
The magic dart hits you!
The hobgoblin throws a stone.
The stone hits you.
* * * LOW HITPOINT WARNING * * *
Found a grey potion.
You see here a +0 mace.
Casting: Shock (safe; 3% risk of failure)
Confirm with . or Enter, or press ? or * to list all spells.
Aiming: Freeze (safe; 3% risk of failure)
Press: ? - help, Shift-Dir - straight line, f - orc wizard
Aim: an orc wizard, wielding a +0 dagger and wearing a +0 robe (lightly wounded)
You feel a surge of power!
You miscast Freeze.
You are very lightly contaminated with residual magic.
Nothing appears to happen.
* * * LOW HITPOINT WARNING * * *
The orc wizard barely misses you.
Casting: Freeze (safe; 3% risk of failure)
Confirm with . or Enter, or press ? or * to list all spells.
Aiming: Shock (safe; 3% risk of failure)
Press: ? - help, Shift-Dir - straight line, f/p - orc wizard
Aim: an orc wizard, wielding a +0 dagger and wearing a +0 robe (lightly wounded, 36% to evade)
The zap hits the orc wizard.
The orc wizard is moderately wounded.
* * * LOW HITPOINT WARNING * * *
The orc wizard gestures at you while chanting.
The puff of flame misses you.
The orc wizard gestures at you while chanting.
The magic dart hits you!
You die...

# ###### .
#.########....#
!.#.#......#....#
...........#....#
........g..#....#
.......oo..#....#
....##@####....########
........................
#.........†#....####.###
####..#.#..#....# #.#
(....#.#..###### #.#
........... #####'###
#.######...## #........
#. #...# #........ ....#
###........


You could see 2 orc wizards and a hobgoblin.

Vanquished Creatures
  An adder (D:2)
  An orc (D:2)
  7 bats
  3 endoplasms (D:1)
  A giant cockroach (D:1)
  5 goblins
  2 hobgoblins (D:1)
  3 jackals (D:1)
  5 kobolds
  2 ball pythons (D:1)
  2 frilled lizards (D:1)
  A rat (D:1)
33 creatures vanquished.

Notes
Turn   | Place    | Note
-------+----------+-------------------------------------------
     0 | D:1      | jestyr24 the Djinni Air Elementalist began the quest for
                  | the Orb.
     0 | D:1      | Reached XP level 1. HP: 15/15 MP: 0/0
   200 | D:1      | Found a faded altar of an unknown god.
   207 | D:1      | Reached skill level 3 in Spellcasting
   209 | D:1      | Became a worshipper of Warmaster Okawaru
   209 | D:1      | Reached * piety under Okawaru
   254 | D:1      | Reached XP level 2. HP: 20/21 MP: 0/0
   797 | D:1      | Reached XP level 3. HP: 24/25 MP: 0/0
   797 | D:1      | Learned a level 1 spell: Freeze
  1592 | D:2      | Killed from afar by an orc wizard

Illustrated notes

Levels and vault maps discovered:
D:1:      zelgadis_glass_arrival_small, layout_loops_ring,
          basic_ecumenical_altar
D:2:      layout_basic, kennysheep_generic_room_4

Skill      XL: |  1 |
---------------+----+-----
Spellcasting   | 3 |  3.9
Dodging        | |  2.2
Stealth        | |  1.6

Action                   || total
-------------------------++-------
 Cast: Shock             ||    63
Armor: Robe              ||     2
Dodge: Dodged            ||     7

Table legend: (Time is in decaauts)
 A = Elapsed time spent in this place.
 B = Non-inter-level travel time spent in this place.
 C = Inter-level travel time spent in this place.
 D = Time resting spent in this place.
 E = Time spent auto-exploring this place.
 F = Levels seen in this place.
 G = Mean time per level.
                   A        B        C        D        E       F      G
               +--------+--------+--------+--------+--------+-----+--------+
         Total |   1591 |   1536 |     55 |      6 |   1385 |   2 |  795.5 |
       Dungeon |   1591 |   1536 |     55 |      6 |   1385 |   2 |  795.5 |
               +--------+--------+--------+--------+--------+-----+--------+

Top non-repeatable levels by time:
     D:1: 1349 daAuts
     D:2: 241 daAuts
